 Dungeon Crawl Stone Soup version 0.28-a0-43-g560ac104fe (webtiles) character file.

Game seed: 3149921262445215532

5568 MacCMillion the Frost Mage (level 10, -2/68 HPs)
             Began as a Gargoyle Ice Elementalist on July 27, 2021.
             Was a Follower of Vehumet.
             Slain by a thrashing horror (5 damage)
             ... on level 2 of the Abyss on July 28, 2021.
             The game lasted 00:36:11 (13008 turns).

MacCMillion the Frost Mage (GrIE)                  Turns: 13008, Time: 00:36:12

Health: -2/68      AC: 14    Str: 13    XL:     10   Next: 72%
Magic:  16/16      EV: 11    Int: 24    God:    Vehumet [*.....]
Gold:   455        SH:  0    Dex: 10    Spells: 13/17 levels left

rFire   + . .      SeeInvis .   B - +6 dagger
rCold   . . .      Faith    .   (no shield)
rNeg    + . .      Spirit   .   r - +0 leather armour
rPois   ∞          Reflect  .   A - +0 helmet
rElec   +          Harm     .   (no cloak)
rCorr   .          Rampage  .   (no gloves)
Will    .....                   m - +1 pair of boots
Stlth   ++........              (no amulet)
HPRegen 0.21/turn               g - +6 ring of intelligence
MPRegen 0.15/turn               h - ring of protection from fire

@: no status effects
A: sickness immunity, AC +7, negative energy resistance 1, electricity
resistance, torment resistance 1, petrification resistance
a: Renounce Religion


You were on level 2 of the Abyss.
You worshipped Vehumet.
Vehumet was aware of your devotion.
You visited 2 branches of the dungeon, and saw 10 of its levels.
You visited the Abyss 1 time.

You collected 455 gold pieces.

Inventory:

Hand Weapons
 p - a +2 dagger of venom
 w - a +2 short sword of speed
 B - a +6 dagger (weapon)
Armour
 a - a +0 robe
 m - a +1 pair of boots (worn)
 r - a +0 leather armour (worn)
 v - a +0 pair of boots
 y - a +0 kite shield
 A - a +0 helmet (worn)
Jewellery
 f - an amulet of guardian spirit
 g - a +6 ring of intelligence (left hand)
 h - a ring of protection from fire (right hand)
 D - a ring of wizardry
 I - a ring of see invisible
 J - an amulet of reflection
 M - a ring of ice
Wands
 F - a wand of iceblast (18)
 K - a wand of polymorph (8)
 L - a wand of mindburst (17)
Scrolls
 b - 2 scrolls of acquirement {unknown}
 d - a scroll of teleportation
 e - a scroll of enchant armour
 k - a scroll of summoning {unknown}
 l - a scroll of fear {unknown}
 u - a scroll of magic mapping {unknown}
 x - 2 scrolls of vulnerability
 G - a scroll of amnesia {unknown}
 N - a scroll of enchant weapon {unknown}
Potions
 c - 2 potions of resistance
 i - a potion of invisibility {unknown}
 j - 4 potions of might
 n - 3 potions of cancellation
 o - a potion of degeneration {unknown}
 q - 2 potions of flight
 s - 2 potions of attraction
 t - 2 potions of lignification {unknown}
 z - 2 potions of brilliance {unknown}
 C - 3 potions of heal wounds {unknown}
 E - 3 potions of curing {unknown}
 H - 2 potions of haste {unknown}


   Skills:
 - Level 10.0 Fighting
 - Level 5.0 Armour
 - Level 1.5 Dodging
 - Level 2.2 Stealth
 - Level 4.0 Spellcasting
 + Level 11.7 Ice Magic


You had 13 spell levels left.
You knew the following spells:

 Your Spells              Type           Power      Damage    Failure   Level
a - Freeze                Ice            100%       1d11      1%          1
b - Frozen Ramparts       Ice            100%       1d12      1%          3

Your spell library contained the following spells:

 Spells                   Type           Power      Damage    Failure   Level
 Sandblast                Erth           8%         2d5       12%         1
 Ozocubu's Armour         Ice            57%        N/A       1%          3
 Hailstorm                Conj/Ice       32%        3d8       11%         4
 Dazzling Flash           Conj/Hex       8%         N/A       34%         3
 Iskenderun's Mystic Bla  Conj/Tloc      4%         2d3       75%         4
 Starburst                Conj/Fire      2%         8x6d3     100%        6


Dungeon Overview and Level Annotations

Branches:
Dungeon (9/15)             Temple (1/1) D:5
   Lair: D:8-11         Orc: D:9-12

Altars:
Cheibriados
Dithmenos
Fedhas
Gozag
Makhleb
Nemelex Xobeh
Qazlal
Ru
Trog
Uskayaw
Vehumet
Wu Jian
Yredelemnul
Zin
The Shining One

Shops:
D:4 (   D:5 :

Annotations:
D:4 3 runed translucent doors, HAL9000's ghost, amateur VSBr; mokwee's ghost, amateur OpVM
D:6 Erica
D:8 exclusion: ice statue, Erolcha


Innate Abilities, Weirdness & Mutations

You are immune to sickness and miasma.
Your stone body is resilient. (AC +7)
You are immune to poison.
You resist negative energy. (rN+)
You are resistant to electric shocks. (rElec)
You are resistant to unholy torment.
You are immune to petrification.


Message History

d - 3 scrolls labelled PEENKE CELIV (gained 1)
There is an open door here.
There is an open door here.
There is an open door here.
The thrashing horror roars!
The thrashing horror tramples you but does no damage.
The thrashing horror barely misses you.
You hear a roar!
There is an open door here.
The thrashing horror barely misses you.
The thrashing horror tramples you but does no damage.
The thrashing horror tramples you.
You stumble backwards!
The thrashing horror tramples you but does no damage.
The thrashing horror barely misses you. The thrashing horror tramples you!
* * * LOW HITPOINT WARNING * * *
You hold your ground!
The thrashing horror tramples you.
* * * LOW HITPOINT WARNING * * *
You stumble backwards!
The thrashing horror tramples you.
* * * LOW HITPOINT WARNING * * *
You stumble backwards!
Okay, then.
As you read the scroll labelled PEENKE CELIV, it crumbles to dust.
You feel strangely unstable.
You feel the power of the Abyss delaying your translocation!
It was a scroll of teleportation.
The thrashing horror tramples you!
* * * LOW HITPOINT WARNING * * *
You stumble backwards!
The thrashing horror roars!
The thrashing horror tramples you but does no damage.
The thrashing horror barely misses you. The thrashing horror tramples you.
* * * LOW HITPOINT WARNING * * *
You stumble backwards!
As you read the scroll of teleportation, it crumbles to dust.
You feel strangely stable.
The thrashing horror tramples you but does no damage.
The thrashing horror barely misses you.
The thrashing horror tramples you but does no damage.
The thrashing horror tramples you.
You die...

#..# ...# #..#
######..#
........#
........#
........# .#
.......@##.##..
.......X.......
......#.#.####.
......#.#.# ##
..... #...#
##.. #....
#...# ... ....
#...# ## ...
....
#.#.###.#...
#.#.....'...


You could see a thrashing horror.

Vanquished Creatures
  2 two-headed ogres
  A troll (D:9)
  A hornet (D:7)
  A wyvern (D:5)
  2 steam dragons
  An acid dragon (D:9)
  An orc warrior (D:7)
  2 black bears (D:6)
  4 sky beasts
  A necrophage (D:6)
  An ogre (D:6)
  5 centaurs
  2 kobold brigands
  A bullfrog (D:7)
  A wyvern zombie (D:8)
  10 scorpions
  5 wights
  6 howler monkeys
  4 centaur zombies
  3 hounds
  3 orc priests
  3 bullfrog skeletons
  An iguana (D:5)
  Terence (D:2)
  5 orc wizards
  A statue (D:4)
  A killer bee zombie (D:7)
  A hound skeleton (D:4)
  Robin (D:4)
  A howler monkey zombie (D:7)
  10 adders
  A howler monkey skeleton (D:3)
  3 white imps
  2 ufetubi
  2 worms (D:2)
  A dart slug (D:3)
  21 orcs
  6 bats
  5 endoplasms
  5 giant cockroaches
  11 goblins
  8 hobgoblins
  11 jackals
  13 kobolds
  3 quokkas
  5 ball pythons
  5 frilled lizards
  A quokka skeleton (D:4)
  5 rats
190 creatures vanquished.

Vanquished Creatures (others)
  4 fungi (D:6)
  6 withered plants (D:4)
10 creatures vanquished.

Grand Total: 200 creatures vanquished

Notes
Turn   | Place    | Note
-------+----------+-------------------------------------------
     0 | D:1      | MacCMillion the Gargoyle Ice Elementalist began the quest
                  | for the Orb.
     0 | D:1      | Reached XP level 1. HP: 10/10 MP: 3/3
   384 | D:1      | Reached XP level 2. HP: 15/15 MP: 3/5
   423 | D:1      | Found a faded altar of an unknown god.
  1201 | D:2      | Reached skill level 5 in Ice Magic
  1201 | D:2      | Reached XP level 3. HP: 19/19 MP: 1/6
  1873 | D:2      | Noticed Terence
  2031 | D:2      | Learned a level 3 spell: Frozen Ramparts
  2080 | D:2      | Killed Terence
  2081 | D:2      | Reached XP level 4. HP: 18/24 MP: 1/7
  2652 | D:3      | Reached skill level 6 in Ice Magic
  2828 | D:3      | Reached XP level 5. HP: 28/28 MP: 5/8
  3764 | D:4      | Found a radiant altar of Vehumet.
  3764 | D:4      | Noticed a charred statue
  3803 | D:4      | Found Poshrogasu's Weapon Shop.
  3843 | D:4      | Found a stormy altar of Qazlal.
  3870 | D:4      | Found a glowing silver altar of Zin.
  4051 | D:4      | Found a runed translucent gate.
  4051 | D:4      | Found a runed translucent gate.
  4051 | D:4      | Found a runed translucent gate.
  4052 | D:4      | Noticed HAL9000's ghost (amateur VSBr)
  4114 | D:4      | Noticed mokwee's ghost (amateur OpVM)
  4182 | D:4      | Found a burning altar of Makhleb.
  4184 | D:4      | Noticed Robin
  4190 | D:4      | Reached skill level 7 in Ice Magic
  4194 | D:4      | Killed Robin
  4195 | D:4      | Reached skill level 1 in Fighting
  4195 | D:4      | Reached XP level 6. HP: 29/34 MP: 1/9
  4542 | D:5      | Entered Level 5 of the Dungeon
  4739 | D:5      | Found a shadowy altar of Dithmenos.
  4799 | D:5      | Noticed a wyvern
  4811 | D:5      | Killed a wyvern
  4812 | D:5      | Reached XP level 7. HP: 33/44 MP: 4/10
  5043 | D:5      | Reached skill level 5 in Fighting
  5234 | D:5      | Found Duukosk's Book Shoppe.
  5608 | D:5      | Found a staircase to the Ecumenical Temple.
  5617 | Temple   | Entered the Ecumenical Temple
  5758 | D:4      | Reached skill level 1 in Armour
  5759 | D:4      | Became a worshipper of Vehumet
  6158 | D:6      | Reached XP level 8. HP: 30/49 MP: 9/14
  6954 | D:6      | Reached skill level 5 in Armour
  7473 | D:6      | Reached skill level 8 in Ice Magic
  7672 | D:6      | Reached XP level 9. HP: 54/54 MP: 12/15
  7960 | D:7      | Found an opulent altar of Gozag.
  8016 | D:7      | Noticed a hornet
  8019 | D:7      | Reached skill level 9 in Ice Magic
  8024 | D:7      | Killed a hornet
  8233 | D:7      | Found a bloodstained altar of Trog.
  8618 | D:7      | Reached * piety under Vehumet
  8618 | D:7      | Offered knowledge of Sandblast by Vehumet.
  9302 | D:8      | Noticed Erica
 10072 | D:8      | Reached skill level 10 in Ice Magic
 10923 | D:8      | Reached XP level 10. HP: 62/64 MP: 11/16
 11091 | D:8      | Noticed an ice statue
 11840 | D:8      | Noticed a two-headed ogre
 11849 | D:8      | Killed a two-headed ogre
 11850 | D:8      | Reached skill level 11 in Ice Magic
 12257 | D:9      | Noticed a two-headed ogre
 12268 | D:9      | Killed a two-headed ogre
 12671 | D:9      | Found a blossoming altar of Fedhas.
 12818 | D:9      | Noticed Erolcha
 12944 | D:9      | Reached skill level 10 in Fighting
 12946 | D:8      | Cast into level 2 of the Abyss (Erolcha)
 12947 | Abyss:2  | Upgraded the game from 0.28-a0-29-g0adfcbbeba to
                  | 0.28-a0-43-g560ac104fe
 12998 | Abyss:2  | Noticed a thrashing horror
 13005 | Abyss:2  | HP: 3/68 [thrashing horror (12)]
 13008 | Abyss:2  | Slain by a thrashing horror

Illustrated notes

Levels and vault maps discovered:
D:1:      lemuel_arrival_muddy, layout_basic, shapermc_ecumenical_altar_venn,
          solitary_fountain
D:2:      layout_rooms, serial_co_window_serial, co_window_of_opportunity_a,
          co_window_paths_a, co_window_of_opportunity_a, co_window_paths_b,
          co_window_corner_a, co_window_of_opportunity_c, co_window_corner_b,
          co_window_corner_ca, co_window_broadway_c, co_window_of_opportunity_c,
          co_window_paths_d, glass_columns_c, glass_columns_b, glass_columns_b,
          uniq_terence
D:3:      minmay_recursive_quarters, layout_basic
D:4:      layout_cave_pools, vehumet_statue,
          mainiacjoe_overflow_small_starburst, jmf_multi_god_temple,
          gammafunk_ghost_cemetery, serial_shops, shop, uniq_robin
D:5:      layout_basic, mainiacjoe_overflow_brackets, lemuel_temple_firewalk_b,
          serial_shops, nicolae_lakefront_shop, nrook_loot_triangle,
          kennysheep_windowed_goal
D:6:      old_forge, layout_loops_ring
D:7:      layout_loops_corners, mainiacjoe_overflow_alcove_4,
          mainiacjoe_overflow_catwalk, mrwooster_statue_mirror,
          grunt_ministairs_7, ebering_dispersal_statue_hall,
          hangedman_decor_peaks_small
D:8:      cheibrodos_frozen_isle, layout_layer_cave, hangedman_misty_isle,
          uniq_erica
D:9:      layout_basic, fedhas_altar_4, grunt_ministairs_6, uniq_erolcha
Temple:   dshaligram_water_room_temple
Abyss:2:  base: D:5, serial_sigils_hangedman_snap, base:
D:5

Skill      XL: |  1  2  3  4  5  6  7  8  9 10 |
---------------+-------------------------------+-----
Ice Magic      | 5 6 7 8 10 11 | 11.7
Fighting       | 1 4 5 8 10 | 10.0
Spellcasting   | 4 |  4.0
Armour         | 2 5 |  5.0
Dodging        | |  1.5
Stealth        | |  2.2

Action                   |  1- 3 |  4- 6 |  7- 9 | 10-12 || total
-------------------------+-------+-------+-------+-------++-------
Melee: Dagger            |     1 |    63 |    94 |    62 ||   220
 Cast: Freeze            |    44 |    73 |   138 |    28 ||   283
       Frozen Ramparts   |     1 |     3 |    16 |     7 ||    27
  Use: Scroll            |       |     1 |       |     8 ||     9
 Stab: Sleeping          |       |     1 |       |       ||     1
Armor: Robe              |     7 |    54 |       |       ||    61
       Leather armour    |       |       |   120 |    61 ||   181
Dodge: Dodged            |    10 |    73 |   126 |    59 ||   268

Table legend: (Time is in decaauts)
 A = Elapsed time spent in this place.
 B = Non-inter-level travel time spent in this place.
 C = Inter-level travel time spent in this place.
 D = Time resting spent in this place.
 E = Time spent auto-exploring this place.
 F = Levels seen in this place.
 G = Mean time per level.
                   A        B        C        D        E       F      G
               +--------+--------+--------+--------+--------+-----+--------+
         Total |  13022 |  12337 |    685 |   2437 |   7981 |  11 | 1183.8 |
       Dungeon |  12933 |  12248 |    685 |   2437 |   7967 |   9 | 1437.0 |
        Temple |     27 |     27 |      0 |      0 |     14 |   1 |   27.0 |
         Abyss |     61 |     61 |      0 |      0 |      0 |   1 |   61.0 |
               +--------+--------+--------+--------+--------+-----+--------+

Top non-repeatable levels by time:
     D:7: 2347 daAuts
     D:8: 2145 daAuts
     D:6: 1658 daAuts
     D:5: 1541 daAuts
     D:2: 1514 daAuts
     D:3: 1259 daAuts
     D:4: 1058 daAuts
     D:1: 905 daAuts
     D:9: 501 daAuts
 Abyss:2: 61 daAuts
  Temple: 27 daAuts
